 Dungeon Crawl Stone Soup version 0.23-a0-303-gfcac5de (webtiles) character file.

1463 Kidiri the Chucker (level 8, -2/75 HPs)
             Began as a Troll Hunter on Oct 8, 2018.
             Slain by an unseen horror (5 damage)
             ... on level 6 of the Dungeon.
             The game lasted 00:12:44 (5051 turns).

Kidiri the Chucker (Troll Hunter)                   Turns: 5051, Time: 00:12:45

Health: -2/75      AC:  6    Str: 22    XL:     8   Next: 48%
Magic:  7/7        EV:  7    Int:  7    God:
Gold:   245        SH: 15    Dex: 11    Spells: 7/7 levels left

rFire    . . .     SeeInvis .     - Unarmed
rCold    . . .     Gourm    +   i - +2 large shield
rNeg     . . .     Faith    .   b - +0 robe
rPois    .         Spirit   .   (helmet restricted)
rElec    .         Reflect  .   k - +0 cloak
rCorr    .         Harm     .   (gloves unavailable)
MR       .....                  (boots unavailable)
Stlth    +.........             (no amulet)
HPRegen  0.62/turn              (no ring)
MPRegen  0.10/turn              (no ring)

@: drained
A: large, unfitting armour, claws 3, fast metabolism 3, gourmand, regeneration
1, shaggy fur 1, tough skin 2
a: no special abilities


You were on level 6 of the Dungeon.
You were not hungry.

You visited 1 branch of the dungeon, and saw 6 of its levels.
You also visited: Sewer.

You collected 245 gold pieces.

Inventory:

Missiles
 c - 3 large rocks (quivered)
 d - a throwing net
 e - 100 stones
Armour
 b - a +0 robe (worn)
 i - a +2 large shield (worn)
 k - a +0 cloak (worn)
Wands
 r - a wand of scattershot (7)
 u - a wand of enslavement (12)
 x - a wand of digging (15)
Scrolls
 g - 4 scrolls of fog
 h - a scroll of immolation {unknown}
 n - 2 scrolls of enchant weapon
 o - a scroll of blinking
 q - 2 scrolls of remove curse
 t - a scroll of fear {unknown}
 w - a scroll of enchant armour {unknown}
Potions
 a - 4 potions of might
 j - a potion of lignification
 l - a potion of haste
 m - 3 potions of heal wounds
 p - 2 potions of cancellation {unknown}
 v - a potion of flight {unknown}
 z - a potion of agility {unknown}
Comestibles
 f - 11 rations


   Skills:
 + Level 3.5(3.4) Fighting
 * Level 6.3(6.1) Throwing
 + Level 2.4(2.3) Armour
 * Level 4.5(4.3) Dodging
 - Level 0.3(0.2) Stealth
 + Level 2.4(2.3) Shields
 + Level 3.6(3.4) Unarmed Combat
 + Level 0.0 Spellcasting


You had 7 spell levels left.
You didn't know any spells.
Your spell library contained the following spells:

 Spells                   Type           Power        Failure   Level  Hunger
 Summon Small Mammal      Summ           #...         100%        1    ##.....
 Call Imp                 Summ           #.......     100%        2    ###....
 Call Canine Familiar     Summ           #.......     100%        3    ####...
 Summon Guardian Golem    Hex/Summ       #.......     100%        3    ####...
 Summon Ice Beast         Ice/Summ       #.......     100%        4    #####..
 Summon Lightning Spire   Summ/Air       #.......     100%        4    #####..


Dungeon Overview and Level Annotations

Branches:
Dungeon (6/15)
 Temple: D:4-7

Altars:
Gozag
Qazlal
Ru
Vehumet
Xom
Zin

Shops:
D:4 [


Innate Abilities, Weirdness & Mutations

You are too large for most types of armour.
You have claws for hands.
Your metabolism is lightning-fast.
You like to eat raw meat.
Your natural rate of healing is unusually fast.
You are covered in fur. (AC +1)
You have very tough skin. (AC +2)


Message History

You claw something! Something hits you. Something hits you but does no damage.
You miss something. Something hits you but does no damage. Something hits you!
Quiver which item? (- for none, * to show all) (? for menu, Esc to quit)
Quivering
c - 5 large rocks for throwing.
Throwing (i - inventory. (/) - cycle)
c - 5 large rocks (quivered)
Press: ? - help, Shift-Dir - straight line, f - leopard gecko
Aim: a leopard gecko (clinging)
You throw a large rock. Something hits you. Something hits you!
* * * LOW HITPOINT WARNING * * *
Something hits you but does no damage. Something hits you!
* * * LOW HITPOINT WARNING * * *
Throwing (i - inventory. (/) - cycle)
c - 4 large rocks (quivered)
Press: ? - help, Shift-Dir - straight line, f/p - leopard gecko
Aim: a leopard gecko (clinging)
You throw a large rock.
You hear a bark!
Something hits you!
* * * LOW HITPOINT WARNING * * *
Something hits you.
You die...

.h..[# .....# #
>....# #. ..... #.##
.... #... ..#
#...###..#
#...@{l..#
.......##a.##
.......##.#########
###....#..........#
#.....#..........#
........#).........#
#..##.###....<.....#
......†............#
#................#


You could see a worker ant and a leopard gecko.

Vanquished Creatures
  The ghost of DEFE the Grave Robber, an amateur SpNe (D:5)
  Eustachio (D:4)
  Purgy (Sewer)
  An ice beast (D:5)
  Blork the orc (D:5)
  2 bullfrogs
  2 jellies (D:4)
  A hound (D:5)
  A centaur skeleton (D:4)
  An orc priest (D:3)
  4 orc wizards
  Crazy Yiuf (D:5)
  A bullfrog skeleton (D:4)
  Natasha (twice) (D:3)
  A statue (D:4)
  4 worker ants (D:4)
  2 hound skeletons
  A howler monkey zombie (D:5)
  A worker ant zombie (D:3)
  Robin (D:2)
  A gnoll (D:1)
  A howler monkey skeleton (D:3)
  9 adders
  2 adder skeletons (D:3)
  An adder zombie (D:3)
  2 worms
  2 dart slugs
  2 leopard geckos
  12 orcs
  4 giant cockroaches
  16 goblins
  9 hobgoblins
  13 jackals
  2 quokkas (D:5)
  6 ball pythons
  10 bats
  7 frilled lizards
  A giant cockroach zombie (D:3)
  11 kobolds
  3 leopard gecko skeletons (D:3)
  3 rats
147 creatures vanquished.

Notes
Turn   | Place    | Note
-------+----------+-------------------------------------------
     0 | D:1      | Kidiri the Troll Hunter began the quest for the Orb.
     0 | D:1      | Reached XP level 1. HP: 19/19 MP: 0/0
    71 | D:1      | Reached XP level 2. HP: 21/28 MP: 1/1
   229 | D:1      | Reached skill level 4 in Throwing
   248 | D:1      | Reached skill level 1 in Unarmed Combat
   248 | D:1      | Reached XP level 3. HP: 30/35 MP: 2/2
   725 | D:2      | Reached XP level 4. HP: 41/42 MP: 3/3
  1055 | D:2      | Noticed Robin
  1084 | D:2      | Killed Robin
  1203 | D:2      | Found an opulent altar of Gozag.
  1206 | D:2      | Found a glowing silver altar of Zin.
  1657 | D:3      | Reached XP level 5. HP: 49/49 MP: 4/4
  1668 | D:3      | Noticed Natasha
  1674 | D:3      | Killed Natasha
  1973 | D:3      | Noticed Natasha
  1975 | D:3      | Killed Natasha
  1975 | D:3      | Reached XP level 6. HP: 59/59 MP: 5/5
  2014 | D:3      | Found a shimmering altar of Xom.
  2256 | D:4      | Reached skill level 1 in Armour
  2256 | D:4      | Reached skill level 1 in Shields
  2259 | D:4      | Reached skill level 5 in Throwing
  2413 | D:4      | Found Moschal's Antique Armour Shop.
  2710 | D:4      | Found a radiant altar of Vehumet.
  2775 | D:4      | Reached XP level 7. HP: 62/66 MP: 6/6
  2987 | D:4      | Noticed Eustachio
  3025 | D:4      | Killed Eustachio
  3373 | D:5      | Entered Level 5 of the Dungeon
  3439 | D:5      | Found a glowing drain.
  3461 | Sewer    | Entered a sewer
  3491 | Sewer    | Noticed Purgy
  3509 | Sewer    | Killed Purgy
  3719 | D:5      | Found a sacrificial altar of Ru.
  3729 | D:5      | Reached XP level 8. HP: 75/75 MP: 7/7
  3924 | D:5      | Noticed DEFE's ghost (amateur SpNe)
  3930 | D:5      | Found a stormy altar of Qazlal.
  3965 | D:5      | Noticed Blork the orc
  3975 | D:5      | Killed Blork the orc
  3975 | D:5      | Reached skill level 6 in Throwing
  4054 | D:5      | Found a runed door.
  4232 | D:5      | Found a runed door.
  4765 | D:5      | Killed DEFE's ghost
  4887 | D:5      | Noticed Crazy Yiuf
  4892 | D:5      | Killed Crazy Yiuf
  5051 | D:6      | HP: 3/75 [something (7)]
  5051 | D:6      | Slain by an unseen horror

Vault maps used:
D:1:      tarquinn_simple_flora_water_f, kennysheep_boxes
D:2:      grunt_temple_overflow_gold_and_silver, minmay_tree_intersection,
          uniq_robin
D:3:      lemuel_coloured_pillars_altar, serial_undead, serial_undead_d,
          serial_undead_d, serial_undead_a, serial_undead_c, uniq_natasha
D:4:      vehumet_statue, first_ration, serial_shops, kennysheep_mini,
          uniq_eustachio
D:5:      grunt_qazlal_sundering, basic_altar, cheibrodos_sewer_entry_bend,
          hellmonk_ghost_happy_afterlife, uniq_blork_the_orc,
          uniq_crazy_yiuf_cottage
D:6:      wad_river_or_something, minmay_temple_entry_hall
Sewer:    sewer_co_purgy_island

Skill      XL: |  1  2  3  4  5  6  7  8 |
---------------+-------------------------+-----
Throwing       | 4 5 6 |  6.3
Unarmed Combat | 1 2 3 |  3.6
Dodging        | 2 3 4 |  4.5
Fighting       | 2 3 |  3.5
Armour         | 1 2 |  2.4
Shields        | 1 2 |  2.4
Stealth        | |  0.3

Action                   |  1- 3 |  4- 6 |  7- 9 || total
-------------------------+-------+-------+-------++-------
Melee: Unarmed           |   107 |   213 |   201 ||   521
       Punch             |     1 |     3 |       ||     4
Throw: Stone             |       |     1 |    10 ||    11
       Throwing net      |       |     1 |     1 ||     2
       Large rock        |       |       |     3 ||     3
  Use: Scroll            |     2 |     4 |     4 ||    10
       Potion            |       |     1 |     2 ||     3
 Stab: Sleeping          |     1 |       |     1 ||     2
       Distracted        |       |     1 |       ||     1
  Eat: Chunk             |    12 |    18 |    16 ||    46
Armor: Robe              |    34 |    77 |    53 ||   164
       Skin              |       |     4 |       ||     4
Dodge: Dodged            |    66 |    84 |    38 ||   188
Block: Large shield      |       |    16 |   173 ||   189

Table legend:
 A = Non-vault XP
 B = Vault XP
 C = Vault XP percentage of total XP
 D = Non-vault monster count
 E = Vault monster count
 F = Vault count percentage of total count
                 A         B        C        D         E       F
            +---------+---------+-------+---------+---------+-------
      Total |    1238 |     853 |  40.8 |     110 |      37 |  25.2
            +---------+---------+-------+---------+---------+-------
        D:1 |      71 |       0 |   0.0 |      34 |       0 |   0.0
        D:2 |      61 |      35 |  36.5 |      23 |      12 |  34.3
        D:3 |     168 |      85 |  33.6 |      16 |      10 |  38.5
        D:4 |     466 |     234 |  33.4 |      19 |       2 |   9.5
        D:5 |     376 |     345 |  47.9 |      17 |       4 |  19.0
        D:6 |      96 |       0 |   0.0 |       1 |       0 |   0.0
      Sewer |       0 |     154 | 100.0 |       0 |       9 | 100.0
            +---------+---------+-------+---------+---------+-------
